 Dungeon Sprint DCSS version 0.31-a0-851-g7ff8af7976 (webtiles) character file.

Game seed: 10680284681729876478

1782 AiryTheDragon the Grappler (level 8, -1/63 HPs)
             Began as a Purple Draconian Shapeshifter on Oct 8, 2023.
             Was an Initiate of Nemelex Xobeh.
             Succumbed to a hornet's poison
             ... while paralysed by a hornet
             ... in the Dungeon (Sprint I: "Red Sonja").
             The game lasted 00:09:50 (516 turns).

AiryTheDragon the Grappler (DrSh)                    Turns: 516, Time: 00:09:51

Health: -1/63      AC:  6    Str: 17    XL:     8   Next: 81%
Magic:  8/8        EV:  2    Int: 10    God:    Nemelex Xobeh [......]
Gold:   456        SH:  0    Dex: 13    Spells: 7/7 levels left

rFire   . . .        j - melded +0 dagger
rCold   . . .        (shield currently unavailable)
rNeg    . . .        (body armour unavailable)
rPois   .            (helmet restricted)
rElec   .            (no cloak)
rCorr   .            (no gloves)
SInv    .            (no boots)
Will    +....        (no amulet)
Stlth   +            (no ring)
HPRegen 0.30/turn    (no ring)
MPRegen 0.11/turn

%: no teleportation
@: paralysed, lethally poisoned (-1 -> -13), short of breath, flux-form, hasted
and slowed, glowing
A: glow, contaminating, breathe power, AC +6, unfitting armour, cold-blooded
a: Breathe Dispelling Energy, Begin Untransformation, Renounce Religion, Draw
Escape, Draw Destruction, Draw Summoning


You were in the Dungeon.
You worshipped Nemelex Xobeh.
Nemelex Xobeh was noncommittal.
You were something dangerously unstable.
You visited 1 branch You collected 456 gold pieces.

Inventory:

Hand Weapons
 e - a +0 orcbow
 j - a +0 dagger (melded)
 k - a +0 heavy scythe
 l - a +1 long sword of holy wrath
Talismans
 b - a beast talisman
 c - a flux talisman (active)
Wands
 h - a wand of quicksilver (5)
Potions
 a - a potion of lignification
 g - 2 potions of magic


   Skills:
 + Level 3.4 Fighting
 + Level 5.9 Dodging
 * Level 0.5 Stealth
 + Level 12.3 Unarmed Combat
 + Level 9.2 Evocations
 + Level 11.0 Shapeshifting


You had 7 spell levels left.
You didn't know any spells.
Your spell library was empty.

Dungeon Overview and Level Annotations

Branches:
Dungeon (1/1)

Altars:
Cheibriados
Dithmenos
Elyvilon
Fedhas
Gozag
Hepliaklqana
Kikubaaqudgha
Makhleb
Nemelex Xobeh
Okawaru
Qazlal
Ru
Sif Muna
Trog
Uskayaw
Vehumet
Wu Jian
Xom
Yredelemnul
Zin
The Shining One
Jiyva
Lugonu

Shops:
D =


Innate Abilities, Weirdness & Mutations

You are something dangerously unstable.
You glow with magical radiation, making you easy to see and hit.
Foes you strike become dangerously contaminated with magical radiation.
You are incapable of wielding weapons or throwing items.
You can breathe bolts of dispelling energy.
Your rich purple scales are hard. (AC +6)
You cannot fit into any form of body armour.
You are cold-blooded and may be slowed by cold attacks.


Message History

The hornet stings you.
* * * LOW HITPOINT WARNING * * *
You are poisoned.
You feel as though you will be slow longer.
The hornet stings you!
* * * LOW HITPOINT WARNING * * *
You feel as though you will be slow longer.
You feel better. The hornet stings you.
* * * LOW HITPOINT WARNING * * *
You feel as though you will be slow longer.
The hornet stings you but does no damage.
Blink to where?
Press: ? - help, Dir - move target, p - hornet
Found 27 gold pieces.
As you read the scroll of blinking, it crumbles to dust.
Aiming: Quicksilver Bolt
Press: ? - help, Shift-Dir - straight line, f - hornet
Aim: a hornet (purple smoke, moderately wounded, 60% to hit)
The bolt of dispelling energy misses the hornet.
Aiming: Breathe Dispelling Energy (4% risk of failure)
Press: ? - help, Shift-Dir - straight line, f/p - hornet
Aim: a hornet (moderately wounded, 35% to hit)
You breathe a bolt of dispelling energy.
The bolt of dispelling energy hits the hornet!
The hornet is heavily wounded.
The hornet misses you. The hornet closely misses you.
Your library has no spells.
Okay, then.
Okay, then.
You feel yourself speed up.
The hornet stings you but does no damage.
The hornet barely misses you.
You barely miss the hornet.
The hornet is heavily wounded.
The hornet stings you!
* * * LOW HITPOINT WARNING * * *
You are lethally poisoned!
You suddenly lose the ability to move!
You die...
Your body disappears without additional glow.

######################
#<.#..)..#..'..#__#..+
#..'[.#..'[.#..'..'..#
#..#####'#####'#__####
#..####..#...#.####.[#
#..#__####..##§#~§§..#§
#..#_____##'#_§py§§§.y.§#
#⌠⌠#_.∩...÷..)_#~§§§.#.$#
####_..__##_.#'##+#####+#
#_____###+#.# ####### ###


You could see a hornet.

Vanquished Creatures
  2 centaur warriors (D)
  A slime creature (D)
  Sigmund (D)
  A yak (D)
  An ogre (D)
  A jelly (D)
  Ijyb (D)
8 creatures vanquished.

Notes
Turn   | Place    | Note
-------+----------+-------------------------------------------
     0 | D        | AiryTheDragon the Draconian Shapeshifter began the quest
                  | for the Orb.
     0 | D        | Reached XP level 1. HP: 16/16 MP: 1/1
     2 | D        | Noticed Ijyb
     9 | D        | Killed Ijyb
    10 | D        | Reached skill level 4 in Unarmed Combat
    10 | D        | Reached XP level 2. HP: 23/23 MP: 2/2
    43 | D        | Noticed an ogre
    45 | D        | Killed an ogre
    46 | D        | Reached skill level 6 in Unarmed Combat
    46 | D        | Reached XP level 3. HP: 29/29 MP: 3/3
    46 | D        | Reached XP level 4. HP: 36/36 MP: 4/4
    55 | D        | Noticed Sigmund
    62 | D        | Killed Sigmund
    63 | D        | Reached skill level 7 in Unarmed Combat
    63 | D        | Reached XP level 5. HP: 31/41 MP: 5/5
    63 | D        | Reached XP level 6. HP: 37/48 MP: 6/6
    81 | D        | Found a burning altar of Makhleb.
    81 | D        | Found a viscous altar of Jiyva.
    81 | D        | Found a shimmering altar of Xom.
    81 | D        | Found a corrupted altar of Lugonu.
    81 | D        | Noticed a slime creature
    90 | D        | Killed a slime creature
    91 | D        | Reached skill level 9 in Unarmed Combat
    91 | D        | Reached skill level 5 in Evocations
   221 | D        | Found an ornate altar of the Wu Jian Council.
   221 | D        | Found a shimmering blue altar of Sif Muna.
   223 | D        | Found a radiant altar of Vehumet.
   248 | D        | Found Kythyrum's Jewellery Emporium.
   248 | D        | Found an ancient bone altar of Kikubaaqudgha.
   248 | D        | Found a hazy altar of Hepliaklqana.
   248 | D        | Found a hide-covered altar of Uskayaw.
   248 | D        | Found a basalt altar of Yredelemnul.
   248 | D        | Found an opulent altar of Gozag.
   248 | D        | Found a snail-covered altar of Cheibriados.
   248 | D        | Found a sacrificial altar of Ru.
   248 | D        | Found a shadowy altar of Dithmenos.
   248 | D        | Noticed a yak
   253 | D        | Killed a yak
   254 | D        | Your scales start taking on a rich purple colour.
   254 | D        | Reached XP level 7. HP: 55/55 MP: 7/7
   254 | D        | Found a stormy altar of Qazlal.
   254 | D        | Found a blossoming altar of Fedhas.
   254 | D        | Found a bloodstained altar of Trog.
   254 | D        | Found an iron altar of Okawaru.
   254 | D        | Found a glowing golden altar of the Shining One.
   254 | D        | Found a glowing silver altar of Zin.
   254 | D        | Found a white marble altar of Elyvilon.
   255 | D        | Found a sparkling altar of Nemelex Xobeh.
   258 | D        | Became a worshipper of Nemelex Xobeh the Trickster
   275 | D        | Noticed a centaur warrior
   284 | D        | Noticed a centaur warrior
   292 | D        | Killed a centaur warrior
   293 | D        | Reached skill level 5 in Dodging
   293 | D        | Reached skill level 11 in Unarmed Combat
   293 | D        | Reached skill level 10 in Shapeshifting
   293 | D        | Reached XP level 8. HP: 23/63 MP: 8/8
   299 | D        | Killed a centaur warrior
   300 | D        | Reached skill level 12 in Unarmed Combat
   496 | D        | Noticed a hornet
   504 | D        | Paralysed by a hornet for 3 turns
   515 | D        | HP: 1/63 [hornet (7)]
   515 | D        | Paralysed by a hornet for 1 turns
   516 | D        | Succumbed to a hornet's poison

Illustrated notes

Levels and vault maps discovered:
D:        dungeon_sprint_1 [red_sonja_temple_1, red_sonja_temple_small_1]

Skill      XL: |  1  2  3  4  5  6  7  8 |
---------------+-------------------------+-----
Dodging        | 2 3 4 5 |  5.9
Unarmed Combat | 4 6 7 9 11 12 | 12.3
Shapeshifting  | 4 6 7 9 10 11 | 11.0
Evocations     | 2 4 6 8 9 |  9.2
Fighting       | 2 3 |  3.4
Stealth        | |  0.5

Action                     |  1- 3 |  4- 6 |  7- 9 || total
---------------------------+-------+-------+-------++-------
  Melee: Unarmed           |     6 |    14 |    19 ||    39
         Dagger            |       |     4 |       ||     4
         Tailslap          |       |     5 |     3 ||     8
Ability: Breathe Dispellin |       |       |     2 ||     2
  Evoke: Wand              |     2 |     4 |     3 ||     9
    Use: Potion            |     1 |       |     4 ||     5
         Scroll            |       |       |     1 ||     1
 Armour: Skin              |     2 |     4 |    49 ||    55
  Dodge: Dodged            |     2 |    10 |    27 ||    39
   Form: Flux              |       |     1 |       ||     1

Table legend: (Time is in decaauts)
 A = Elapsed time spent in this place.
 B = Non-inter-level travel time spent in this place.
 C = Inter-level travel time spent in this place.
 D = Time resting spent in this place.
 E = Time spent auto-exploring this place.
 F = Levels seen in this place.
 G = Mean time per level.
                   A        B        C        D        E       F      G
               +--------+--------+--------+--------+--------+-----+--------+
         Total |    525 |    525 |      0 |    346 |      0 |   1 |  525.0 |
       Dungeon |    525 |    525 |      0 |    346 |      0 |   1 |  525.0 |
               +--------+--------+--------+--------+--------+-----+--------+

Top non-repeatable levels by time:
       D: 525 daAuts
